 Dungeon Crawl Stone Soup version 0.25-a0-577-ga4619f409e (webtiles) character file.

Game seed: 8828547963155566316, levelgen mode: deterministic

95 Flugslaktarn the Shield-Bearer (level 4, -1/40 HPs)
             Began as a Minotaur Fighter on Mar 3, 2020.
             Slain by Grinder (8 damage)
             ... on level 3 of the Dungeon.
             The game lasted 00:00:21 (616 turns).

Flugslaktarn the Shield-Bearer (Minotaur Fighter)    Turns: 616, Time: 00:00:21

Health: -1/40      AC:  7    Str: 22    XL:     4   Next: 39%
Magic:  3/3        EV:  7    Int:  5    God:
Gold:   7          SH:  9    Dex:  9    Spells: 3/3 levels left

rFire    . . .     SeeInvis .   a - +0 war axe
rCold    . . .     Gourm    .   c - +0 kite shield
rNeg     . . .     Faith    .   b - +0 scale mail
rPois    .         Spirit   .   (helmet restricted)
rElec    .         Reflect  .   (no cloak)
rCorr    .         Harm     .   (no gloves)
MR       .....                  (no boots)
Stlth    ..........             (no amulet)
HPRegen  0.13/turn              (no ring)
MPRegen  0.08/turn              (no ring)

@: no status effects
A: retaliatory headbutt, horns 2
a: no special abilities


You were on level 3 of the Dungeon.
You were not hungry.

You visited 1 branch of the dungeon, and saw 3 of its levels.

You collected 7 gold pieces.

Inventory:

Hand Weapons
 a - a +0 war axe (weapon)
Armour
 b - a +0 scale mail (worn)
 c - a +0 kite shield (worn)
Scrolls
 f - 2 scrolls of remove curse {unknown}
 i - a scroll of identify {unknown}
 j - a scroll of noise {unknown}
Potions
 d - a potion of might
 h - a potion of curing {unknown}
Comestibles
 e - 4 rations
 g - 3 chunks of flesh


   Skills:
 + Level 4.3 Fighting
 * Level 4.0 Axes
 + Level 4.2 Armour
 + Level 4.3 Shields


You had 3 spell levels left.
You didn't know any spells.
Your spell library was empty.

Dungeon Overview and Level Annotations

Branches:
Dungeon (3/15)

Altars:
Sif Muna

Annotations:
D:3 Grinder


Innate Abilities, Weirdness & Mutations

You reflexively headbutt those who attack you in melee.
You have a pair of horns on your head.


Message History

Grinder is heavily wounded.
Grinder blinks!
Grinder gestures at you.
You suddenly lose the ability to move!
Grinder gestures at you. You resist with significant effort.
Grinder hits you but does no damage.
You can move again.
You barely miss Grinder.
Grinder is heavily wounded.
You block Grinder's attack.
You barely miss Grinder. Your headbutt misses Grinder.
Grinder is heavily wounded.
Grinder gestures at you. Pain shoots through your body!
* * * LOW HITPOINT WARNING * * *
You closely miss Grinder. You headbutt Grinder, but do no damage.
Grinder is heavily wounded.
Grinder hits you!
You die...

#.......#.# #..##..
#.......#.# #..##..
.#######.......# #..##..
.......#.......# #..##.(
...............########..#...
.........#####.#.........#...
.........#####.#.#######.#...
.................#.....#.#.#.
............@5...............
.....>....†..................
[...........####.#...#.#.....
............#.....#.....##.##
...#########...........##.#
...########..÷.........##.#
##.....................##.#
.......##.........#.###..
.......##.##......#.# #[.


You could see Grinder.

Vanquished Creatures
  An iguana (D:3)
  4 adders
  2 worms (D:2)
  A dart slug (D:2)
  2 orcs (D:3)
  A ball python (D:2)
  A giant cockroach (D:2)
  A goblin (D:3)
  2 hobgoblins (D:3)
  4 kobolds
  4 bats
  4 rats
27 creatures vanquished.

Notes
Turn   | Place    | Note
-------+----------+-------------------------------------------
     0 | D:1      | Flugslaktarn the Minotaur Fighter began the quest for the
                  | Orb.
     0 | D:1      | Reached XP level 1. HP: 19/19 MP: 0/0
   145 | D:2      | Reached XP level 2. HP: 25/27 MP: 1/1
   206 | D:2      | Found a shimmering blue altar of Sif Muna.
   211 | D:2      | Reached XP level 3. HP: 33/33 MP: 2/2
   529 | D:3      | Reached XP level 4. HP: 40/40 MP: 3/3
   593 | D:3      | Noticed Grinder
   609 | D:3      | Paralysed by Grinder for 5 turns
   616 | D:3      | Slain by Grinder

Levels and vault maps discovered:
D:1:      dpeg_arrival_long_road, layout_basic
D:2:      layout_rooms, lemuel_round_altar, uniq_natasha
D:3:      layout_basic, first_ration, ebering_ghost_rock_garden, uniq_grinder

Skill      XL: |  1  2  3  4 |
---------------+-------------+-----
Axes           | 3 4 |  4.0
Shields        | 4 |  4.3
Armour         | 4 |  4.2
Fighting       | 4 |  4.3

Action                   |  1- 3 |  4- 6 || total
-------------------------+-------+-------++-------
Melee: War axe           |    57 |    19 ||    76
       Headbutt          |     9 |     6 ||    15
Armor: Scale mail        |    24 |     8 ||    32
Dodge: Dodged            |    16 |     1 ||    17
Block: Kite shield       |    30 |     7 ||    37

Table legend:
 A = Non-vault XP
 B = Vault XP
 C = Vault XP percentage of total XP
 D = Non-vault monster count
 E = Vault monster count
 F = Vault count percentage of total count
                 A         B        C        D         E       F
            +---------+---------+-------+---------+---------+-------
      Total |     136 |       0 |   0.0 |      27 |       0 |   0.0
            +---------+---------+-------+---------+---------+-------
        D:1 |       1 |       0 |   0.0 |       1 |       0 |   0.0
        D:2 |      49 |       0 |   0.0 |      11 |       0 |   0.0
        D:3 |      86 |       0 |   0.0 |      15 |       0 |   0.0
            +---------+---------+-------+---------+---------+-------
